 Dungeon Crawl Stone Soup version 0.32-a0-960-g3814254bd7 (webtiles) character file.

Game seed: 12443234523973368077

10 retardedninja the Trooper (level 2, 0/24 HPs)
             Began as a Coglin Fighter on Apr 17, 2024.
             Slain by a kobold
             ... wielding a +0 club
              (2 damage)
             ... on level 1 of the Dungeon.
             The game lasted 00:00:48 (265 turns).

retardedninja the Trooper (Coglin Fighter)           Turns: 265, Time: 00:00:49

Health: 0/24       AC:  6    Str: 16    XL:     2   Next: 20%
Magic:  2/2        EV:  8    Int:  7    God:
Gold:   22         SH:  0    Dex: 13    Spells: 1/1 levels left

rFire   . . .        a - +0 war axe {Eunwoo}
rCold   . . .        (no shield)
rNeg    . . .        b - +0 scale mail
rPois   .            (no helmet)
rElec   .            (no cloak)
rCorr   .            (no gloves)
SInv    .            (no boots)
Will    .....        (amulet unavailable) Stlth
                     (ring unavailable)
HPRegen 0.24/turn    (ring unavailable)
MPRegen 0.08/turn    (no gizmo)

%: no passive effects
@: revved
A: off-hand wielding, slow wielding, warmup strikes, no jewellery
a: Invent Gizmo


You were on level 1 of the Dungeon.
You visited 1 branch of the dungeon, and saw 1 of its levels.

You collected 22 gold pieces.

Inventory:

Hand Weapons
 a - a +0 war axe (weapon) {Eunwoo}
Armour
 b - a +0 scale mail (worn)
Scrolls
 c - a scroll of enchant armour {unknown}
 e - a scroll of fear {unknown}
 f - 2 scrolls of identify {unknown}
Potions
 d - a potion of might


   Skills:
 + Level 3.1 Fighting
 + Level 2.2 Axes
 + Level 2.9 Armour
 + Level 2.3 Shields


You had one spell level left.
You didn't know any spells.
Your spell library was empty.

Dungeon Overview and Level Annotations

Branches:
Dungeon (1/15)

Altars:


Innate Abilities, Weirdness & Mutations

You can wield a second weapon in your off-hand.
It takes a long time for you to wield or remove held weapons.
Your first few attacks do less damage.
You cannot equip rings or amulets.


Message History

A kobold comes into view. It is wielding a +0 club.
The kobold shouts!
The quokka bites you.
The kobold throws a stone.
The stone hits you.
You closely miss the quokka. The quokka bites you.
The kobold throws a stone.
The stone closely misses you.
A kobold comes into view.
It is wielding a +3 dagger of electrocution.
The quokka barely misses you.
You hit the quokka.
The quokka is heavily wounded.
The quokka bites you but does no damage.
You hit the quokka but do no damage.
The quokka is heavily wounded.
The quokka bites you.
A rat comes into view.
The quokka barely misses you.
You closely miss the quokka.
The quokka is heavily wounded.
The rat squeaks loudly.
The quokka bites you. x2
You barely miss the quokka.
The quokka is heavily wounded.
You hit the quokka. The quokka bites you.
The quokka bites you but does no damage. x2
You hit the quokka.
You kill the quokka!
You barely miss the quokka. The quokka closely misses you.
You closely miss the kobold. You hit the quokka but do no damage.
The quokka bites you but does no damage.
The kobold completely misses you.
The quokka bites you but does no damage.
The kobold hits you with a +0 club.
You barely miss the kobold. You closely miss the quokka. You miss the kobold.
The quokka barely misses you. The kobold closely misses you.
The kobold hits you but does no damage.
You are electrocuted!
* * * LOW HITPOINT WARNING * * *
The quokka bites you but does no damage.
You closely miss the kobold. You hit the kobold.
You kill the kobold!
You closely miss the quokka. The kobold hits you with a +0 club.
You die...

#............
+........... #..........
......... .###########
....... ............
#..r.# #...........
#.)Kr# #.[.........
###+#..@.# #...........
.........# #...........
.........####...........
............'...........
........#####...........
........# #...........
........# ##..........
........# #...........
........# #(..........


You could see a quokka, a kobold and a rat.

Vanquished Creatures
  A bat (D:1)
  A giant cockroach (D:1)
  A goblin (D:1)
  A kobold (D:1)
  A quokka (D:1)
  3 ball pythons (D:1)
  3 rats (D:1)
11 creatures vanquished.

Notes
Turn   | Place    | Note
-------+----------+-------------------------------------------
     0 | D:1      | retardedninja the Coglin Fighter began the quest for the
                  | Orb.
     0 | D:1      | Reached XP level 1. HP: 18/18 MP: 1/1
   108 | D:1      | Reached XP level 2. HP: 24/24 MP: 2/2
   265 | D:1      | Slain by a kobold

Illustrated notes

Levels and vault maps discovered:
D:1:      wander_arrival_lonely_grave, layout_basic, minivault_11

Action                     || total
---------------------------++-------
  Melee: War axe           ||    33
 Armour: Scale mail        ||    50
  Dodge: Dodged            ||    26

Table legend: (Time is in decaauts)
 A = Elapsed time spent in this place.
 B = Non-inter-level travel time spent in this place.
 C = Inter-level travel time spent in this place.
 D = Time resting spent in this place.
 E = Time spent auto-exploring this place.
 F = Levels seen in this place.
 G = Mean time per level.
                   A        B        C        D        E       F      G
               +--------+--------+--------+--------+--------+-----+--------+
         Total |    277 |    277 |      0 |      0 |    149 |   1 |  277.0 |
       Dungeon |    277 |    277 |      0 |      0 |    149 |   1 |  277.0 |
               +--------+--------+--------+--------+--------+-----+--------+

Top non-repeatable levels by time:
     D:1: 277 daAuts
